 Dungeon Crawl Stone Soup version 0.30.0-29-ga12c61a403 (webtiles) character file.

Game seed: 10303863257648869903

4349 Sabo the Cleaver (level 10, 0/79 HPs)
             Began as a Formicid Monk on June 22, 2023.
             Was an Elder of Qazlal.
             Slain by Gastronok (26 damage)
             ... on level 8 of the Dungeon.
             The game lasted 00:34:56 (6767 turns).

Sabo the Cleaver (Formicid Monk)                    Turns: 6767, Time: 00:34:56

Health: 0/79       AC: 11    Str: 20    XL:     10   Next: 59%
Magic:  0/10       EV: 15    Int: 14    God:    Qazlal [****..]
Gold:   1175       SH:  5    Dex: 16    Spells: 9/9 levels left

rFire   + + +        h - +6 executioner's axe "Iram" {flame, *Slow rF++ Int+4}
rCold   . . .        d - orb {light}
rNeg    . . .        x - +0 chain mail {rF+}
rPois   +            (helmet unavailable)
rElec   .            J - +0 cloak
rCorr   .            (no gloves)
SInv    +            (no boots)
Will    ++...        q - amulet of guardian spirit Stlth
                     n - ring "Nenaf" {rPois EV+5 Slay+2}
HPRegen 0.33/turn    y - ring "Ilopsiw" {Fly rF+ Will+ SInv}
MPRegen 0.12/turn

%: slow self (1%), repel missiles, guardian spirit
@: flying, glowing
A: permanent stasis, dig shafts and tunnels, antennae 3, four strong arms
a: Dig, Shaft Self, Renounce Religion, Upheaval, Elemental Force


You were on level 8 of the Dungeon.
You worshipped Qazlal.
Qazlal was greatly pleased with you.
You visited 1 branch of the dungeon, and saw 8 of its levels.

You collected 1175 gold pieces.

Inventory:

Hand Weapons
 h - the +6 executioner's axe "Iram" (weapon) {flame, *Slow rF++ Int+4}
   (You acquired it on level 1 of the Dungeon)

   Int:       It affects your intelligence (+4).
   rF:        It greatly protects you from fire.
   *Slow:     It may slow you when you take damage.
 r - a +2 quarterstaff of chaos
 E - the +9 hand axe of the Coward {flame, Will+ rCorr MP+9 Dex-2}
   (You found it on level 5 of the Dungeon)

   Dex:       It affects your dexterity (-2).
   MP:        It affects your magic capacity (+9).
   rCorr:     It protects you from acid and corrosion.
   Will:      It increases your willpower.
 F - a +0 arbalest of freezing
 G - a +3 shortbow
 H - a +4 heavy scythe
Missiles
 f - 38 poisoned darts
 o - 6 atropa-tipped darts
 D - 4 javelins
 L - a throwing net
Armour
 d - an orb of light (worn)
 x - a +0 chain mail of fire resistance (worn)
 J - a +0 cloak (worn)
Jewellery
 i - a ring of willpower
 m - a +5 ring of evasion
 n - the ring "Nenaf" (left hand) {rPois EV+5 Slay+2}
   (You acquired it on level 1 of the Dungeon)

   [ring of evasion]

   EV:        It affects your evasion (+5).
   Slay:      It affects your accuracy & damage with ranged weapons and melee
   (+2).
   rPois:     It protects you from poison.
 p - an amulet of the acrobat
 q - an amulet of guardian spirit (around neck)
 v - a +6 ring of strength
 y - the ring "Ilopsiw" (right hand) {Fly rF+ Will+ SInv}
   (You acquired it on level 3 of the Dungeon)

   [ring of willpower]

   rF:        It protects you from fire.
   SInv:      It lets you see invisible.
   Fly:       It grants you flight.
   Will:      It increases your willpower.
Wands
 C - a wand of flame (19)
 I - a wand of quicksilver (13)
 K - a wand of paralysis (7)
 M - a wand of roots (9)
Scrolls
 a - 2 scrolls of magic mapping
 g - 2 scrolls of fog
 l - a scroll of fear
 s - 2 scrolls of enchant weapon {unknown}
 t - a scroll of blinking {unknown}
 N - a scroll of enchant armour {unknown}
Potions
 b - 3 potions of lignification
 c - a potion of cancellation {unknown}
 e - a potion of mutation {unknown}
 j - a potion of might {unknown}
 k - 4 potions of heal wounds {unknown}
 u - a potion of berserk rage {unknown}
 z - 2 potions of haste {unknown}
 A - a potion of flight {unknown}
 B - a potion of curing {unknown}


   Skills:
 + Level 7.0 Fighting
 + Level 12.2 Axes
 + Level 5.6 Armour
 + Level 3.7 Dodging
 + Level 2.0 Stealth
 + Level 2.5 Shields


You had 9 spell levels left.
You didn't know any spells.
Your spell library contained the following spells:

 Spells                   Type           Power      Damage    Failure   Level
 Apportation              Tloc           0%         N/A       89%         1
 Necrotise                Necr           0%         1d4       89%         1
 Summon Small Mammal      Summ           0%         N/A       89%         1
 Static Discharge         Conj/Air       0%         2-2/arc   96%         2
 Airstrike                Air            0%         2d(0-16)  100%        4
 Summon Lightning Spire   Summ/Air       0%         N/A       100%        4


Dungeon Overview and Level Annotations

Branches:
Dungeon (8/15)             Temple (0/1) D:7
   Lair: D:8-11

Altars:
Ashenzari
Cheibriados
Dithmenos
Fedhas
Gozag
Hepliaklqana
Makhleb
Qazlal
Ru
Trog
Vehumet
Yredelemnul
Zin

Annotations:
D:8 Gastronok


Innate Abilities, Weirdness & Mutations

You cannot be hasted, slowed, berserked, paralysed or teleported.
You can dig through walls and to a lower floor.
You have a pair of large antennae on your head. (SInv)
Your four strong arms can wield two-handed weapons with a shield.


Message History

You destroy the wight!
Qazlal accepts your kill.
Your Fighting skill increases to level 7!
You slice the wight!! You burn the wight.
You destroy the wight!
Qazlal accepts your kill.
You start resting.
HP restored.
Items here: )) [[.
Non-targeted abil: Dig
Press: ? - help, Q - select action, (/) - cycle Dir - look around, f - activate
Okay, then.
Okay, then.
Things that are here:
a +0 mace; a +0 robe Gastronok the Ponderous comes into view.
He is wearing a +1 hat of stealth.
Things that are here:
a +5 flail; a +0 robe Gastronok's eyestalks quiver as he mumbles some strange words.
Gastronok puts on a burst of speed!
Gastronok looks at you while chanting. You resist with some effort.
Gastronok bites you!!
You slash Gastronok! You burn Gastronok.
Gastronok is lightly wounded.
Gastronok bites you.
You slash Gastronok! You burn Gastronok.
Gastronok is moderately wounded.
You slash Gastronok! You burn Gastronok.
Gastronok is moderately wounded.
Gastronok bites you!!
You slice Gastronok!! You burn Gastronok!
Gastronok is heavily wounded.
You hit Gastronok. You burn Gastronok.
Gastronok is heavily wounded.
Gastronok barely misses you.
You slash Gastronok! You burn Gastronok.
Gastronok is severely wounded.
Gastronok bites you!!
You die...

### ##.. #.. #w#
#@# { #.# #.# #.
#.# #..# ####
#.###..# ##...
##.)..###### ##....
#†))###....###.....
#.### ####.##......
#.# #.........


You could see Gastronok (swift).

Vanquished Creatures
  Pikel (D:6)
  Sigmund (D:6)
  A steam dragon (D:8)
  Eustachio (D:4)
  Edmund (D:5)
  An acid dragon (D:7)
  Duvessa (D:4)
  3 water moccasins
  2 ice beasts
  An orc warrior (D:7)
  An ogre (D:4)
  A centaur (D:6)
  4 lemures (D:6)
  2 phantoms
  A kobold brigand (D:7)
  A bullfrog (D:6)
  A scorpion (D:4)
  Dowan (D:4)
  6 wights
  13 killer bees
  A howler monkey (D:5)
  3 hounds
  2 jellies
  2 gnoll boudas (D:7)
  6 orc priests
  Crazy Yiuf (D:6)
  Jessica (D:3)
  5 iguanas
  2 sleepcaps
  7 orc wizards
  10 gnolls
  6 adders
  2 white imps
  2 worms
  7 dart slugs
  19 orcs
  5 ball pythons
  8 endoplasms
  6 giant cockroaches
  9 goblins
  13 hobgoblins
  11 jackals
  3 quokkas
  A bat (D:3)
  4 frilled lizards
  7 kobolds
  3 rats
190 creatures vanquished.

Vanquished Creatures (others)
  A wight (D:8)
1 creature vanquished.

Grand Total: 191 creatures vanquished

Notes
Turn   | Place    | Note
-------+----------+-------------------------------------------
     0 | D:1      | Sabo the Formicid Monk began the quest for the Orb.
     0 | D:1      | Reached XP level 1. HP: 18/18 MP: 1/1
    45 | D:1      | Reached XP level 2. HP: 19/24 MP: 2/2
   416 | D:1      | Reached XP level 3. HP: 30/30 MP: 3/3
  1004 | D:1      | Identified 3 scrolls of acquirement
  1004 | D:1      | Acquired 833 gold pieces
  1010 | D:1      | Acquired the ring "Nenaf" {rPois EV+5 Slay+2}
  1017 | D:1      | Acquired the +6 executioner's axe "Iram" {flame, *Slow rF++
                  | Int+4}
  1199 | D:2      | Reached XP level 4. HP: 33/37 MP: 4/4
  1213 | D:2      | Found a faded altar of an unknown god.
  1506 | D:2      | Reached skill level 4 in Axes
  1817 | D:3      | Noticed Jessica
  1824 | D:3      | Killed Jessica
  1825 | D:3      | Reached skill level 1 in Armour
  1825 | D:3      | Reached XP level 5. HP: 42/42 MP: 5/5
  1962 | D:3      | Found a bloodstained altar of Trog.
  2399 | D:3      | Acquired the ring "Ilopsiw" {Fly rF+ Will+ SInv}
  2542 | D:4      | Noticed Duvessa
  2543 | D:4      | Noticed Dowan
  2548 | D:4      | Killed Duvessa
  2549 | D:4      | Reached skill level 5 in Axes
  2549 | D:4      | Reached skill level 1 in Stealth
  2549 | D:4      | Reached XP level 6. HP: 26/49 MP: 6/6
  2549 | D:4      | Killed Dowan
  2888 | D:4      | Noticed Eustachio
  2902 | D:4      | Noticed an ogre
  2904 | D:4      | Killed Eustachio
  2905 | D:4      | Reached skill level 6 in Axes
  2905 | D:4      | Reached XP level 7. HP: 55/55 MP: 7/7
  3208 | D:4      | Found a hazy altar of Hepliaklqana.
  3359 | D:4      | Reached skill level 5 in Fighting
  3428 | D:4      | Found a stormy altar of Qazlal.
  3433 | D:4      | Reached XP level 8. HP: 62/62 MP: 8/8
  3460 | D:4      | Reached skill level 7 in Axes
  3465 | D:4      | Became a worshipper of Qazlal Stormbringer
  3465 | D:4      | Reached * piety under Qazlal
  3465 | D:4      | Reached ** piety under Qazlal
  3685 | D:5      | Entered Level 5 of the Dungeon
  3736 | D:5      | Found a shadowy altar of Dithmenos.
  3738 | D:5      | Found a basalt altar of Yredelemnul.
  3872 | D:5      | Found a blossoming altar of Fedhas.
  3989 | D:5      | Found a broken altar of Ashenzari.
  4221 | D:5      | Identified the +9 hand axe of the Coward {flame, Will+
                  | rCorr MP+9 Dex-2}
  4501 | D:5      | Noticed Edmund
  4506 | D:5      | Killed Edmund
  4507 | D:5      | Reached skill level 8 in Axes
  4544 | D:5      | Found an opulent altar of Gozag.
  4695 | D:5      | Found a sacrificial altar of Ru.
  4879 | D:6      | Reached skill level 1 in Shields
  4879 | D:6      | Reached XP level 9. HP: 69/69 MP: 9/9
  4906 | D:6      | Noticed Pikel
  4916 | D:6      | Killed Pikel
  4917 | D:6      | Reached skill level 9 in Axes
  5113 | D:6      | Noticed Sigmund
  5120 | D:6      | Killed Sigmund
  5121 | D:6      | Reached skill level 10 in Axes
  5154 | D:6      | Found a snail-covered altar of Cheibriados.
  5154 | D:6      | Found a burning altar of Makhleb.
  5436 | D:6      | Found a runed translucent door.
  5437 | D:6      | Noticed Crazy Yiuf
  5442 | D:6      | Killed Crazy Yiuf
  5673 | D:7      | Reached *** piety under Qazlal
  5677 | D:7      | Reached skill level 5 in Armour
  5683 | D:7      | Found a radiant altar of Vehumet.
  5823 | D:7      | Reached XP level 10. HP: 59/75 MP: 6/10
  5947 | D:7      | Reached skill level 11 in Axes
  6059 | D:7      | Found a staircase to the Ecumenical Temple.
  6443 | D:7      | Found a glowing silver altar of Zin.
  6612 | D:8      | Reached **** piety under Qazlal
  6666 | D:8      | Reached skill level 12 in Axes
  6755 | D:8      | Noticed Gastronok
  6767 | D:8      | Slain by Gastronok

Illustrated notes

Levels and vault maps discovered:
D:1:      minmay_arrival_open_corners, layout_basic
D:2:      layout_basic, shapermc_ecumenical_altar_starsandcircs
D:3:      layout_basic, lightli_temple_of_fire, kennysheep_big_empty_room,
          uniq_jessica
D:4:      cheibrodos_greedy_goblins, layout_rooms,
          mainiacjoe_overflow_concentric_impassable, nzn_hepliaklqana_mist_gate,
          uniq_duvessa, uniq_eustachio
D:5:      layout_basic, mainiacjoe_overflow_brackets,
          nicolae_gozag_cash_rules_everything_around_me, fedhas_altar_4,
          kennysheep_little_box, jmf_multi_god_temple, minivault_5,
          ebering_dispersal_statue_hall, uniq_edmund
D:6:      layout_rooms, gammafunk_temple_overflow_elements,
          nicolae_elevator_lobby_plus, uniq_sigmund, uniq_crazy_yiuf_cottage,
          uniq_pikel
D:7:      layout_basic, mainiacjoe_overflow_small_starburst,
          vehumet_altar_wand_db, minmay_temple_entry_wispy
D:8:      layout_loops_ring, nzn_wu_jian_contemplation, grunt_decor_clamped,
          uniq_gastronok

Skill      XL: |  1  2  3  4  5  6  7  8  9 10 |
---------------+-------------------------------+-----
Dodging        | 3 |  3.7
Fighting       | 4 5 6 7 |  7.0
Axes           | 4 5 6 8 10 12 | 12.2
Armour         | 1 2 4 5 |  5.6
Stealth        | 1 2 |  2.0
Shields        | 1 2 |  2.5

Action                     |  1- 3 |  4- 6 |  7- 9 | 10-12 || total
---------------------------+-------+-------+-------+-------++-------
  Melee: Hand axe          |    60 |       |       |       ||    60
         Executioner's axe |     9 |    52 |   108 |    66 ||   235
    Use: Scroll            |     3 |     5 |     5 |     1 ||    14
 Armour: Robe              |    12 |       |       |       ||    12
         Leather armour    |     1 |     5 |       |       ||     6
         Ring mail         |       |     3 |       |       ||     3
         Chain mail        |       |     1 |    26 |    30 ||    57
  Dodge: Dodged            |    45 |    71 |   102 |    69 ||   287
  Block: Orb               |       |       |    17 |    22 ||    39
